 Dungeon Crawl Stone Soup version 0.29.1-15-g9cfb28693d (webtiles) character file.

Game seed: 6733129414379997725

37 monsoonserge the Sneak (level 3, -1/36 HPs)
             Began as a Troll Delver on Apr 28, 2023.
             Slain by an adder (2 damage)
             ... in a sewer.
             The game lasted 00:02:35 (261 turns).

monsoonserge the Sneak (Troll Delver)                Turns: 261, Time: 00:02:36

Health: -1/36      AC:  4    Str: 22    XL:     3   Next: 23%
Magic:  2/2        EV: 10    Int:  6    God:
Gold:   72         SH:  0    Dex: 11    Spells: 2/2 levels left

rFire   . . .      SeeInvis .   a - +0 mace
rCold   . . .      Faith    .   (no shield)
rNeg    . . .      Spirit   .   b - +0 robe
rPois   .          Reflect  .   (helmet restricted)
rElec   .          Harm     .   (no cloak)
rCorr   .          Rampage  .   (gloves unavailable)
Will    .....                   (boots unavailable)
Stlth   ++........              (no amulet)
HPRegen 0.92/turn               (no ring)
MPRegen 0.08/turn               (no ring)

@: lethally poisoned (-1 -> -2)
A: large, unfitting armour, claws 3, regeneration 1, shaggy fur 1, tough skin 1
a: no special abilities


You were in a sewer.
You visited 1 branch of the dungeon, and saw 2 of its levels.
You also visited: Sewer.

You collected 72 gold pieces.

Inventory:

Hand Weapons
 a - a +0 mace (weapon)
Armour
 b - a +0 robe (worn)
Magical Staves
 i - a staff of conjuration
Wands
 g - a wand of digging (3)
Scrolls
 c - a scroll of fog
 d - 2 scrolls of identify {unknown}
 e - a scroll of fear
Potions
 f - a potion of haste
 h - a potion of heal wounds {unknown}


   Skills:
 + Level 2.8 Fighting
 + Level 2.2 Maces & Flails
 + Level 1.8 Dodging
 - Level 3.0 Stealth


You had 2 spell levels left.
You didn't know any spells.
Your spell library was empty.

Dungeon Overview and Level Annotations

Branches:
Dungeon (5/15)              Sewer (1/1)
 Temple: D:4-7

Altars:


Innate Abilities, Weirdness & Mutations

You are too large for most types of armour.
You have claws for hands.
Your natural rate of healing is unusually fast.
You are covered in fur. (AC +1)
You have tough skin. (AC +1)


Message History

You hit the worm. Your claw misses the worm.
The worm is almost dead.
The worm barely misses you.
You sock the worm!
You kill the worm!
Found two gates leading back out of this place.
You open the large door. 4 adders come into view.
The adder hisses angrily. x4
The adder bites you but does no damage.
You closely miss the adder. The adder bites you. x3
You are poisoned.
The adder poisons you!
You closely miss the adder.
You feel sick. The adder bites you but does no damage. The adder misses you.
The adder bites you. The adder bites you but does no damage.
The adder bites you.
You hit the adder.
The adder is heavily wounded.
You feel sick.
The adder bites you but does no damage. x3
The adder completely misses you. The adder bites you.
* * * LOW HITPOINT WARNING * * *
The adder bites you but does no damage. x2; The adder barely misses you.
You closely miss the adder.
The adder is heavily wounded.
You feel sick. The adder barely misses you.
The adder bites you but does no damage. The adder closely misses you.
The adder barely misses you.
You closely miss the adder.
The adder is heavily wounded.
You feel sick. The adder closely misses you. The adder barely misses you. x2
The adder bites you.
* * * LOW HITPOINT WARNING * * *
The adder bites you.
* * * LOW HITPOINT WARNING * * *
You are more poisoned.
The adder poisons you! The adder bites you.
* * * LOW HITPOINT WARNING * * *
The adder bites you.
You die...

#~≈.##.#..#.#
#†≈~##.'..'†#
#.≈~##.'..'.#
#~≈w##.#..#.#
#~≈~####..###
#~≈~# #..#
#~≈~## #..#
#~≈~##.#S.#
#~≈~##.S@.+
#~≈~##.SS.+
#~≈~##.#..#
#~≈.####..#
#.≈~# #..#
#~≈~# #∩∩#
#†≈~# ####
#.≈~# #~≈~#


You could see 4 adders.

Vanquished Creatures
  An adder (D:4)
  A river rat (Sewer)
  2 worms
  2 goblins (D:4)
  A jackal (Sewer)
  A quokka (Sewer)
  3 ball pythons
  4 bats (Sewer)
  A frilled lizard (Sewer)
  A kobold (D:4)
17 creatures vanquished.

Notes
Turn   | Place    | Note
-------+----------+-------------------------------------------
     0 | D:5      | monsoonserge the Troll Delver began the quest for the Orb.
     0 | D:5      | Reached XP level 1. HP: 22/22 MP: 0/0
    26 | D:4      | Reached skill level 3 in Stealth
    26 | D:4      | Reached XP level 2. HP: 22/29 MP: 1/1
    54 | D:4      | Found a glowing drain.
    91 | Sewer    | Entered a sewer
   235 | Sewer    | Reached XP level 3. HP: 13/36 MP: 2/2
   261 | Sewer    | HP: 1/36 [adder (3)]
   261 | Sewer    | Slain by an adder

Illustrated notes

Levels and vault maps discovered:
D:4:      layout_rooms, cheibrodos_sewer_entry_drain,
          ebering_dispersal_statue_hall
D:5:      layout_loops_ring, minmay_temple_entry_glassed_door,
          ebering_ghost_inner_flame, hangedman_decor_peaks_small
Sewer:    sewer_fruit_machine

Skill      XL: |  1  2 |
---------------+-------+-----
Stealth        | 3 |  3.0
Maces & Flails | 2 |  2.2
Fighting       | |  2.8
Dodging        | |  1.8

Action                   || total
-------------------------++-------
Melee: Mace              ||    82
  Use: Scroll            ||     1
 Stab: Sleeping          ||     1
Armor: Robe              ||    45
Dodge: Dodged            ||    58
